AoeStats
← Jihad Herbie

Arabia

510754262Analyzed
2v2 RM · 1d ago on Oct 2, 2026· 41m 6s· 4 players
Game mode
Random Map
Map size
Medium (4 player)
Population
200
Speed
Normal
Resources
Standard
Victory
Conquest
Starting age
Dark Age
Ending age
Imperial Age
RankedLock teamsTeams togetherTeam positionsShared explorationLock speedFull tech treeHidden civsTurbo modeCheats
Victory
Defeat
🇦🇺 Koreans · Australia
668
+15
🇦🇺 Hindustanis · Australia
668
+15
🇨🇳 Saracens · China
742
-19
🇮🇳 Huns · India
557
-11
Polar_Op
10:46 Feudal Age
12:20 Horse Collar
14:36 Fletching
17:33 Wheelbarrow
24:12 Castle Age
26:39 Thumb Ring
25:57 Crossbowman
27:16 Bodkin Arrow
38:47 Hand Cart
Jihad Herbie
11:15 Feudal Age
13:06 Double-Bit Axe
19:17 Loom
25:55 Castle Age
25:07 Horse Collar
28:29 Scale Barding Armor
28:35 Forging
29:07 Bloodlines
28:58 Husbandry
29:47 Chain Barding Armor
30:15 Gold Mining
31:06 Iron Casting
35:46 Heavy Plow
36:05 Bow Saw
35:57 Stone Mining
36:43 Gold Shaft Mining
41:01 Imperial Age
dikshantsiwach6
1:22 Loom
12:48 Feudal Age
14:07 Wheelbarrow
13:19 Double-Bit Axe
13:23 Horse Collar
15:29 Gold Mining
17:42 Arson
20:37 Bloodlines
上班摸鱼
10:26 Feudal Age
8:42 Loom
10:31 Feudal Age
11:24 Double-Bit Axe
12:17 Wheelbarrow
11:36 Horse Collar
15:06 Town Watch
18:13 Bloodlines
Connection lost

Rejoining the realm…

Still unreachable

The connection could not be restored.

Session expired

The server has moved on; the page needs a fresh start.